 Dungeon Crawl Stone Soup version 0.30.1 (webtiles) character file.

Game seed: 6378021584089715706

7816 Sanktem7 the Cleaver (level 11, -4/97 HPs)
             Began as a Minotaur Fighter on July 13, 2023.
             Was a Priest of Okawaru.
             Slain by a sun demon (5 damage)
             ... led by a balrug
             ... on level 2 of the Abyss.
             The game lasted 00:13:29 (6956 turns).

Sanktem7 the Cleaver (Minotaur Fighter)             Turns: 6956, Time: 00:13:29

Health: -4/97      AC: 20    Str: 28 (30) XL:     11   Next: 1%
Magic:  10/10      EV: 15    Int:  4 (5)  God:    Okawaru [***...]
Gold:   320        SH: 10    Dex:  7      Spells: 10/10 levels left

rFire   + + .        a - +0 war axe {axe}
rCold   . . .        c - +0 buckler
rNeg    . . .        S - +0 swamp dragon scales
rPois   +            C - +2 hat
rElec   .            F - +2 cloak
rCorr   .            B - +0 pair of gloves
SInv    .            l - +2 pair of boots
Will    .....        h - amulet of Xegyus {Reflect rF++ SH+5} Stlth
                     u - +5 ring of evasion
HPRegen 0.36/turn    A - +6 ring of strength
MPRegen 0.12/turn

%: reflection
@: about to teleport, unable to drink
A: horns 2, retaliatory headbutt, [clumsy 2], [deterioration 1], [no potion heal
2], [inability to drink after injury 2]
a: Renounce Religion, Heroism


You were on level 2 of the Abyss.
You worshipped Okawaru.
Okawaru was most pleased with you.
You visited 2 branches of the dungeon, and saw 10 of its levels.
You visited the Abyss 1 time.

You collected 423 gold pieces.
You spent 103 gold pieces at shops.


Innate Abilities, Weirdness & Mutations

You have a pair of horns on your head.
You reflexively headbutt those who attack you in melee.
[You are very clumsy. (Dex -4)]
[Your body sometimes deteriorates upon taking damage.]
[Potions cannot restore your health.]
[You sometimes lose the ability to drink potions when taking damage.]


   Skills:
 + Level 9.3 Fighting
 * Level 12.2 Axes
 + Level 6.0 Throwing
 + Level 9.2 Armour
 + Level 9.3 Shields


You had 10 spell levels left.
You didn't know any spells.
Your spell library contained the following spells:

 Spells                   Type           Power      Damage    Failure   Level
 Beastly Appendage        Tmut           0%         N/A       65%         1
 Shock                    Conj/Air       0%         1d3       65%         1
 Cigotuvi's Dreadful Rot  Necr/Pois/Air  0%         N/A       80%         2
 Wereblood                Tmut           0%         N/A       80%         2
 Ignite Poison            Fire/Tmut/Pois 0%         N/A       95%         3
 Spider Form              Tmut/Pois      0%         N/A       95%         3
 Swiftness                Air            0%         N/A       95%         3
 Airstrike                Air            0%         2d(0-16)  100%        4
 Freezing Cloud           Conj/Ice/Air   0%         6-21      100%        5
 Borgnjor's Revivificati  Necr           0%         N/A       100%        8
 Necromutation            Tmut/Necr      0%         N/A       100%        8
 Death's Door             Necr           0%         N/A       100%        9

Inventory:

Hand Weapons
 a - a +0 war axe (weapon) {axe}
 x - a +0 heavy trident {polearm}
   (You found it on level 9 of the Dungeon)
 G - a +2 whip of flaming {mace}
   (You took it off Pikel on level 5 of the Dungeon)
 I - a +4 spear {polearm}
   (You took it off a wight on level 8 of the Dungeon)
Missiles
 f - 57 stones (quivered) {throwing}
 i - 3 silver javelins {throwing}
 j - 15 poisoned darts {throwing}
Armour
 c - a +0 buckler (worn)
 l - a +2 pair of boots (worn)
   (You found it on level 1 of the Dungeon)
 n - a +0 plate armour
   (You found it on level 2 of the Dungeon)
 B - a +0 pair of gloves (worn)
   (You bought it in a shop on level 6 of the Dungeon)
 C - a +2 hat (worn)
   (You found it on level 4 of the Dungeon)
 F - a +2 cloak (worn)
   (You took it off Crazy Yiuf on level 4 of the Dungeon)
 S - +0 swamp dragon scales (worn)
   (You found it on level 7 of the Dungeon)
Jewellery
 h - the amulet of Xegyus (around neck) {Reflect rF++ SH+5}
   (You acquired it on level 5 of the Dungeon)

   [amulet of reflection]

   It reflects blocked missile attacks.
   rF:        It greatly protects you from fire.
   SH:        It affects your SH (+5).
 u - a +5 ring of evasion (left hand)
   (You found it on level 3 of the Dungeon)
 A - a +6 ring of strength (right hand)
   (You found it on level 4 of the Dungeon)
 L - a +4 ring of protection
   (You found it on level 9 of the Dungeon)
Wands
 p - a wand of digging (8)
   (You found it on level 2 of the Dungeon)
 v - a wand of mindburst (34)
   (You found it on level 3 of the Dungeon)
 H - a wand of paralysis (11)
   (You found it on level 5 of the Dungeon)
 J - a wand of polymorph (11)
   (You found it on level 8 of the Dungeon)
 N - a wand of acid (5)
   (You found it on level 7 of the Dungeon)
 R - a wand of flame (12)
   (You found it on level 7 of the Dungeon)
Scrolls
 g - a scroll of butterflies
 k - 2 scrolls of fear
 t - 2 scrolls of magic mapping {!r}
 w - a scroll of torment {unknown}
 D - a scroll of silence {!r}
 E - a scroll of poison {!r}
 O - a scroll of immolation {!r!r}
 P - a scroll of noise {!r}
Potions
 b - a potion of invisibility
 d - 2 potions of might
 e - 2 potions of brilliance
 m - 2 potions of attraction {!q}
 o - 5 potions of curing {@q1}
 q - 3 potions of degeneration {!q@e2}
 r - 2 potions of haste {@q3}
 s - a potion of heal wounds {@q2}
 z - 2 potions of ambrosia
 K - a potion of flight

Dungeon Overview and Level Annotations

Branches:
Dungeon (9/15) Zot: 26816  Temple (1/1) D:7 Zot: 5826
   Lair: D:8-11         Orc: D:9-12

Altars:
Ashenzari
Elyvilon
Fedhas
Gozag
Hepliaklqana
Makhleb
Nemelex Xobeh
Okawaru
Ru
Sif Muna
Trog
Vehumet
Wu Jian
Xom
Zin
The Shining One

Shops:
D:6 [

Annotations:
D:8 exclusion: ice statue
D:9 Erolcha

.##......##....
...............
............... ~
............... ~
............... ~
...............~ ~ .
.................~.. . ..
#....@.##.... ~
......##....33##....~.###
.. .........3.....~.~.
... ....
......2.#..#.##...
..............♣..~. . ..
. ............#.~~ . .
..........._..~....# . .
. ...........#... . .
....##..†....#.≈##.......


You could see a balrug and 3 sun demons.


Message History

The bolt of fire hits you. You resist.
You block the sun demon's attack. 😕 HP[-2]
You take 2 damage, and now have 95/97 hp.
You barely miss the sun demon. Your headbutt misses the sun demon.
The balrug gestures at you. Something smites you!
You block the sun demon's attack. 😕 HP[-12]
You take 12 damage, and now have 83/97 hp.
You hit the sun demon but do no damage. Your headbutt misses the sun demon.
The sun demon hits you but does no damage. 😕 HP[+1]
You hit the sun demon. You headbutt the sun demon.
You hit the sun demon but do no damage. The sun demon hits you!
You are engulfed in flames.
You resist.
The sun demon hits you but does no damage. 😮 HP[-14]
You take 14 damage, and now have 70/97 hp.
You hit the sun demon but do no damage. You hit the sun demon.
You hit the sun demon but do no damage. The sun demon barely misses you.
The balrug gestures at you. Something smites you!
You feel threatened and lose the ability to drink potions!
Your body deteriorates!
You feel weakened. You block the sun demon's attack.
The sun demon closely misses you. The sun demon barely misses you.
You furiously retaliate!
You headbutt the sun demon, but do no damage. 😮 HP[-17]
You take 17 damage, and now have 53/97 hp.
You closely miss the sun demon. Your headbutt misses the sun demon.
You hit the sun demon. You hit the sun demon but do no damage.
The sun demon closely misses you. You furiously retaliate!
You headbutt the sun demon. The sun demon misses you. You furiously retaliate!
You headbutt the sun demon!
You block the sun demon's attack. 😮 HP[+1]
As you read the scroll of teleportation {@r4}, it crumbles to dust.
You feel strangely unstable.
You feel the power of the Abyss delaying your translocation!
You can drink potions again.
You block the sun demon's attack. The sun demon barely misses you.
The sun demon hits you but does no damage.
The sun demon hits you!!
You feel threatened and lose the ability to drink potions!
* * * LOW HITPOINT WARNING * * *
You are engulfed in flames.
You resist.
* * * LOW HITPOINT WARNING * * *
The sun demon misses you. 😨 HP[-24]
You take 24 damage, and now have 30/97 hp.
MASSIVE DAMAGE!! (PAUSE)
The sun demon attacks as you move away! The sun demon completely misses you.
The sun demon attacks as you move away! You block the sun demon's attack.
The sun demon attacks as you move away! The sun demon hits you!
* * * LOW HITPOINT WARNING * * *
Your body deteriorates!
You feel weakened.
You are engulfed in flames.
You resist.
* * * LOW HITPOINT WARNING * * *
😱 HP[-17]
You take 17 damage, and now have 13/97 hp.
The sun demon attacks as you move away!
The sun demon hits you but does no damage.
The sun demon attacks as you move away! The sun demon closely misses you.
The balrug gestures at you.
The bolt of fire hits the sun demon.
The sun demon completely resists.
The bolt of fire hits you! You resist.
* * * LOW HITPOINT WARNING * * *
Your body deteriorates!
You feel dopey.
You block the sun demon's attack. 😱 HP[-9]
You take 9 damage, and now have 4/97 hp.
The sun demon attacks as you move away! You block the sun demon's attack.
The sun demon attacks as you move away!
The sun demon hits you but does no damage.
The balrug gestures at you.
The bolt of fire hits the sun demon.
The sun demon completely resists.
The bolt of fire hits you but does no damage.
You block the sun demon's attack.
The sun demon hits you but does no damage.
The sun demon attacks as you move away! The sun demon barely misses you.
You furiously retaliate!
You headbutt the sun demon. The sun demon attacks as you move away!
The sun demon hits you but does no damage.
The sun demon attacks as you move away!
You block the sun demon's attack. 😱 HP[+1]
The balrug gestures at you.
The fireball explodes!
The fireball engulfs the sun demon.
The sun demon completely resists.
The fireball engulfs the sun demon.
The sun demon completely resists.
The fireball engulfs the sun demon.
The sun demon completely resists.
The fireball engulfs you. You resist.
* * * LOW HITPOINT WARNING * * *
You hear a bellow! 😱 HP[-1]
You take 1 damage, and now have 4/97 hp.
The sun demon hits you but does no damage.
You block the sun demon's attack. 😱 HP[+1]
The sun demon attacks as you move away! You block the sun demon's attack.
The sun demon attacks as you move away! The sun demon hits you.
* * * LOW HITPOINT WARNING * * *
You are engulfed in flames.
You resist.
You die...

Skill      XL: |  1  2  3  4  5  6  7  8  9 10 |
---------------+-------------------------------+-----
Axes           | 3 4 5 6 7 8 10 12 | 12.2
Fighting       | 4 5 6 7 8 9 |  9.3
Armour         | 4 5 6 8 9 |  9.2
Shields        | 4 5 6 7 8 9 |  9.3
Throwing       | 2 3 4 6 |  6.0

Action                     |  1- 3 |  4- 6 |  7- 9 | 10-12 || total
---------------------------+-------+-------+-------+-------++-------
  Melee: War axe           |    84 |   106 |   219 |   123 ||   532
         Headbutt          |    12 |    20 |    38 |    20 ||    90
  Throw: Stone             |       |       |       |     5 ||     5
    Use: Scroll            |       |       |    21 |     4 ||    25
 Armour: Scale mail        |    37 |       |       |       ||    37
         Plate armour      |    11 |    64 |   111 |       ||   186
         Swamp dragon scal |       |       |     1 |    75 ||    76
  Dodge: Dodged            |    29 |    40 |   133 |    86 ||   288
  Block: Buckler           |    20 |    21 |    78 |    81 ||   200
         Reflection        |       |       |     1 |     3 ||     4

Levels and vault maps discovered:
D:1:      mainiacjoe_arrival_reflecting_pool, layout_rooms,
          dreamdust_ecumenical_altar_hidden_monk_grotto, hangedman_decor_growths
D:2:      layout_loops_ring, grunt_decor_cap, minmay_pentomino_o2, uniq_robin,
          uniq_natasha
D:3:      layout_rooms
D:4:      layout_cave_pools, mainiacjoe_overflow_boulevard,
          nicolae_overflow_hidden_temple, small_statue_intersection,
          uniq_menkaure, uniq_grinder, uniq_crazy_yiuf_cottage
D:5:      layout_loops_ring, grunt_ministairs_8, uniq_prince_ribbit1, uniq_pikel
D:6:      layout_gridville, zin_statuary, serial_shops, shop,
          kennysheep_generic_room_7, uniq_sigmund
D:7:      layout_cave_pools, minmay_temple_entry_slanted
D:8:      lemuel_ice_statue, layout_loops_ring, corexii_checkpoint_a,
          minmay_microvault
D:9:      wad_woods_minihive, layout_loops_ring, uniq_erolcha
Temple:   regret_index_temple_generic_petals
Abyss:2:  base:
D:8

Notes
Turn   | Place    | Note
-------+----------+-------------------------------------------
     0 | D:1      | Sanktem7 the Minotaur Fighter began the quest for the Orb.
     0 | D:1      | Reached XP level 1. HP: 19/19 MP: 0/0
     0 | D:1      | magus.rc [v1.9.6]
    49 | D:1      | Reached XP level 2. HP: 25/27 MP: 1/1
   210 | D:1      | Found a faded altar of an unknown god.
   253 | D:1      | Reached skill level 3 in Axes
   328 | D:1      | Reached skill level 4 in Fighting
   336 | D:1      | Reached skill level 4 in Armour
   336 | D:1      | Reached skill level 4 in Shields
   336 | D:1      | Reached XP level 3. HP: 23/33 MP: 2/2
   412 | D:1      | You add the spells Borgnjor's Revivification, Necromutation
                  | and Death's Door to your library.
   596 | D:2      | Noticed Robin
   599 | D:2      | Killed Robin
   907 | D:2      | magus.rc [v1.9.6]
   961 | D:2      | Reached XP level 4. HP: 39/40 MP: 3/3
   981 | D:2      | You add the spells Cigotuvi's Dreadful Rot, Ignite Poison
                  | and Freezing Cloud to your library.
  1065 | D:2      | Noticed Natasha
  1071 | D:2      | Killed Natasha
  1072 | D:2      | Reached skill level 4 in Axes
  1198 | D:2      | Noticed Natasha
  1205 | D:2      | Killed Natasha
  1304 | D:2      | Reached XP level 5. HP: 45/47 MP: 4/4
  1337 | D:2      | Noticed Natasha
  1341 | D:2      | Killed Natasha
  1636 | D:3      | Reached skill level 5 in Axes
  1947 | D:4      | Reached XP level 6. HP: 55/55 MP: 5/5
  2033 | D:4      | Reached skill level 5 in Fighting
  2033 | D:4      | Reached skill level 5 in Shields
  2033 | D:4      | Found an opulent altar of Gozag.
  2055 | D:4      | Reached skill level 5 in Armour
  2066 | D:4      | Noticed Grinder
  2077 | D:4      | HP: 13/56 [Grinder (6)]
  2081 | D:4      | Paralysed by Grinder for 3 turns
  2083 | D:4      | HP: 11/56 [Grinder (4)]
  2087 | D:4      | Killed Grinder
  2088 | D:4      | Reached skill level 6 in Axes
  2088 | D:4      | Reached XP level 7. HP: 14/61 MP: 6/6
  2263 | D:4      | Found a shimmering blue altar of Sif Muna.
  2263 | D:4      | Found a bloodstained altar of Trog.
  2265 | D:4      | Found a glowing golden altar of the Shining One.
  2266 | D:4      | Noticed Menkaure
  2275 | D:4      | Killed Menkaure
  2580 | D:4      | Reached skill level 1 in Throwing
  2634 | D:4      | Found a runed translucent door.
  2635 | D:4      | Noticed Crazy Yiuf
  2812 | D:4      | Killed Crazy Yiuf
  2881 | D:5      | Entered Level 5 of the Dungeon
  2923 | D:5      | Reached skill level 7 in Axes
  2923 | D:5      | Reached skill level 6 in Shields
  2949 | D:5      | Noticed Pikel
  2964 | D:5      | Killed Pikel
  2965 | D:5      | Reached skill level 6 in Fighting
  2965 | D:5      | Reached skill level 2 in Throwing
  2965 | D:5      | Reached skill level 6 in Armour
  2965 | D:5      | Reached XP level 8. HP: 37/71 MP: 7/7
  2967 | D:5      | Reached skill level 8 in Axes
  3172 | D:5      | Reached skill level 3 in Throwing
  3229 | D:5      | Reached skill level 7 in Shields
  3372 | D:5      | Reached skill level 7 in Fighting
  3414 | D:5      | Reached XP level 9. HP: 79/79 MP: 8/8
  3454 | D:5      | Reached skill level 9 in Axes
  3560 | D:5      | Reached skill level 7 in Armour
  3625 | D:5      | Noticed Prince Ribbit
  3636 | D:5      | Killed Prince Ribbit
  3806 | D:5      | Identified a scroll of acquirement
  3806 | D:5      | Acquired the amulet of Xegyus {Reflect rF++ SH+5}
  4007 | D:6      | Noticed Sigmund
  4022 | D:6      | Killed Sigmund
  4115 | D:6      | Found Uweh's Antique Armour Emporium.
  4152 | D:6      | Bought a pair of gloves for 103 gold pieces
  4258 | D:6      | Reached skill level 4 in Throwing
  4682 | D:6      | Found a glowing silver altar of Zin.
  4769 | D:7      | Reached skill level 10 in Axes
  4781 | D:7      | Reached skill level 8 in Shields
  4916 | D:7      | Found a staircase to the Ecumenical Temple.
  4922 | D:7      | Reached skill level 8 in Fighting
  4938 | Temple   | Entered the Ecumenical Temple
  5072 | Temple   | Became a worshipper of Warmaster Okawaru
  5133 | D:7      | You pick up a book of Changes and begin reading...
  5133 | D:7      | You add the spells Beastly Appendage, Wereblood and Spider
                  | Form to your library.
  5295 | D:7      | Reached skill level 8 in Armour
  5636 | D:8      | Reached XP level 10. HP: 87/88 MP: 9/9
  5830 | D:8      | Noticed a two-headed ogre
  5842 | D:8      | Killed a two-headed ogre
  5842 | D:8      | Reached * piety under Okawaru
  5843 | D:8      | Reached skill level 11 in Axes
  5843 | D:8      | Reached skill level 5 in Throwing
  5947 | D:8      | You pick up a book of Air and begin reading...
  5947 | D:8      | You add the spells Shock, Swiftness and Airstrike to your
                  | library.
  6282 | D:8      | Noticed an ice statue
  6727 | D:9      | Reached ** piety under Okawaru
  6788 | D:9      | Noticed Erolcha
  6788 | D:9      | You are cast into the Abyss!
  6788 | Abyss:1  | Cast into level 1 of the Abyss (Erolcha)
  6819 | Abyss:1  | Reached skill level 9 in Shields
  6822 | Abyss:1  | Reached skill level 9 in Fighting
  6826 | Abyss:1  | Reached skill level 9 in Armour
  6828 | Abyss:1  | Found a corrupted altar of Lugonu.
  6861 | Abyss:1  | Noticed a wretched star
  6879 | Abyss:1  | Killed a wretched star
  6879 | Abyss:1  | Reached *** piety under Okawaru
  6880 | Abyss:1  | Reached skill level 12 in Axes
  6888 | Abyss:2  | Found a corrupted altar of Lugonu.
  6902 | Abyss:2  | Found a corrupted altar of Lugonu.
  6929 | Abyss:2  | Reached skill level 6 in Throwing
  6934 | Abyss:2  | Noticed a sun demon
  6936 | Abyss:2  | Reached XP level 11. HP: 97/97 MP: 10/10
  6936 | Abyss:2  | Noticed a balrug
  6936 | Abyss:2  | Noticed a sun demon
  6936 | Abyss:2  | Noticed a sun demon
  6946 | Abyss:2  | HP: 15/97 [sun demon[a balrug] (15)]
  6948 | Abyss:2  | HP: 4/97 [balrug/bolt of fire (10)]
  6956 | Abyss:2  | HP: 1/97 [sun demon[a balrug] (4)]
  6956 | Abyss:2  | Slain by a sun demon

Vanquished Creatures
  A two-headed ogre (D:8)
  A wretched star (Abyss:1)
  Pikel (D:5)
  Grinder (D:4)
  3 blink frogs (Abyss:2)
  Prince Ribbit (D:5)
  6 flying skulls (Abyss:1)
  Sigmund (D:6)
  2 steam dragons
  An acid dragon (D:7)
  Menkaure (D:4)
  A water moccasin (D:5)
  2 orc warriors
  3 black bears
  2 ice beasts (D:5)
  3 ogres
  A phantom (D:6)
  2 lemures (D:5)
  3 bullfrogs
  4 scorpions
  12 wights
  10 killer bees (D:9)
  A howler monkey (D:6)
  Crazy Yiuf (D:4)
  4 hounds
  3 orc priests
  A jelly (D:3)
  2 sleepcaps
  Natasha (thrice) (D:2)
  10 orc wizards
  2 small abominations (Abyss:1)
  Robin (D:2)
  4 gnolls (D:5)
  6 adders
  A shadow imp (D:6)
  2 white imps
  2 ufetubi
  2 worms
  2 dart slugs
  25 orcs
  5 ball pythons
  5 bats
  8 endoplasms
  4 giant cockroaches
  17 goblins
  10 hobgoblins
  4 jackals (D:1)
  4 kobolds
  4 quokkas
  5 frilled lizards
  5 rats
205 creatures vanquished.

Vanquished Creatures (others)
  An orc warrior (D:8)
1 creature vanquished.

Grand Total: 206 creatures vanquished

Table legend:
 A = Non-vault XP
 B = Vault XP
 C = Vault XP percentage of total XP
 D = Non-vault monster count
 E = Vault monster count
 F = Vault count percentage of total count
                 A         B        C        D         E       F
            +---------+---------+-------+---------+---------+-------
      Total |    7826 |    3340 |  29.9 |     170 |      34 |  16.7
            +---------+---------+-------+---------+---------+-------
        D:1 |      44 |       0 |   0.0 |      23 |       0 |   0.0
        D:2 |     116 |      70 |  37.6 |      21 |      12 |  36.4
        D:3 |     148 |       0 |   0.0 |      21 |       0 |   0.0
        D:4 |     291 |     476 |  62.1 |      19 |       3 |  13.6
        D:5 |    1151 |    1084 |  48.5 |      23 |       4 |  14.8
        D:6 |     528 |     272 |  34.0 |      10 |       2 |  16.7
        D:7 |    1332 |       0 |   0.0 |      22 |       0 |   0.0
        D:8 |     882 |     814 |  48.0 |      17 |       3 |  15.0
        D:9 |     275 |     624 |  69.4 |       2 |      10 |  83.3
    Abyss:1 |    2291 |       0 |   0.0 |       9 |       0 |   0.0
    Abyss:2 |     768 |       0 |   0.0 |       3 |       0 |   0.0
            +---------+---------+-------+---------+---------+-------

Skill      XL: |  1  2  3  4  5  6  7  8  9 10 |
---------------+-------------------------------+-----
Axes           | 3 4 5 6 7 8 10 12 | 12.2
Fighting       | 4 5 6 7 8 9 |  9.3
Armour         | 4 5 6 8 9 |  9.2
Shields        | 4 5 6 7 8 9 |  9.3
Throwing       | 2 3 4 6 |  6.0

Action                     |  1- 3 |  4- 6 |  7- 9 | 10-12 || total
---------------------------+-------+-------+-------+-------++-------
  Melee: War axe           |    84 |   106 |   219 |   123 ||   532
         Headbutt          |    12 |    20 |    38 |    20 ||    90
  Throw: Stone             |       |       |       |     5 ||     5
    Use: Scroll            |       |       |    21 |     4 ||    25
 Armour: Scale mail        |    37 |       |       |       ||    37
         Plate armour      |    11 |    64 |   111 |       ||   186
         Swamp dragon scal |       |       |     1 |    75 ||    76
  Dodge: Dodged            |    29 |    40 |   133 |    86 ||   288
  Block: Buckler           |    20 |    21 |    78 |    81 ||   200
         Reflection        |       |       |     1 |     3 ||     4

Illustrated notes

Table legend:
 A = Kills in this place as a percentage of kills in the entire game.
 B = Kills by you in this place as a percentage of kills by you in the entire game.
 C = Kills by friends in this place as a percentage of kills by friends in the entire game.
 D = Other kills in this place as a percentage of other kills in the entire game.
 E = Experience gained in this place as a percentage of experience gained in the entire game.
 F = Experience gained in this place divided by the number of levels of this place that you have seen.
                   A       B       C       D       E      F
               +-------+-------+-------+-------+-------+----------------------
         Total | 100.0 | 100.0 |   N/A | 100.0 | 100.0 | 930.5
       Dungeon |  94.1 |  94.1 |   N/A | 100.0 |  72.6 | 900.8
         Abyss |   5.9 |   5.9 |   N/A |   0.0 |  27.4 | 1529.5
               +-------+-------+-------+-------+-------+----------------------

Table legend: (Time is in decaauts)
 A = Elapsed time spent in this place.
 B = Non-inter-level travel time spent in this place.
 C = Inter-level travel time spent in this place.
 D = Time resting spent in this place.
 E = Time spent auto-exploring this place.
 F = Levels seen in this place.
 G = Mean time per level.
                   A        B        C        D        E       F      G
               +--------+--------+--------+--------+--------+-----+--------+
         Total |   7026 |   6712 |    314 |      0 |   5352 |  12 |  585.5 |
       Dungeon |   6689 |   6413 |    276 |      0 |   5236 |   9 |  743.2 |
        Temple |    173 |    135 |     38 |      0 |    116 |   1 |  173.0 |
         Abyss |    163 |    163 |      0 |      0 |      0 |   2 |   81.5 |
               +--------+--------+--------+--------+--------+-----+--------+

Top non-repeatable levels by time:
     D:8: 1000 daAuts
     D:4: 962 daAuts
     D:5: 953 daAuts
     D:6: 935 daAuts
     D:2: 821 daAuts
     D:7: 672 daAuts
     D:1: 611 daAuts
     D:3: 548 daAuts
     D:9: 182 daAuts
  Temple: 173 daAuts
 Abyss:1: 94 daAuts
 Abyss:2: 69 daAuts
